 Dungeon Crawl Stone Soup version 0.30-a0-840-ga523dec638 (webtiles) character file.

Game seed: 2858138140519123428

10 Esekla the Sneak (level 2, -2/21 HPs)
             Began as an Octopode Delver on Mar 1, 2023.
             Slain by an ufetubus (3 damage)
             ... on level 5 of the Dungeon.
             The game lasted 00:02:22 (240 turns).

Esekla the Sneak (Octopode Delver)                   Turns: 240, Time: 00:02:23

Health: -2/21      AC:  1    Str: 11    XL:     2   Next: 20%
Magic:  2/2        EV: 13    Int: 12    God:
Gold:   43         SH:  0    Dex: 13    Spells: 1/1 levels left

rFire   . . .      SeeInvis .    a - +0 falchion
rCold   . . .      Faith    .    (no shield)
rNeg    . . .      Spirit   .    (helmet restricted)
rPois   .          Reflect  .    (no amulet)
rElec   .          Harm     .    (no ring)
rCorr   .          Rampage  .    (no ring)
Will    .....                    (no ring)
Stlth   ++++                     (no ring)
HPRegen 0.23/turn                (no ring)
MPRegen 0.08/turn                (no ring)
                                 (no ring)
                                 (no ring)

@: hasted, very quick
A: almost no armour, amphibious, 8 rings, camouflage 1, gelatinous body 1,
(nimble swimmer 1), tentacles
a: no special abilities


You were on level 5 of the Dungeon.
You visited 1 branch of the dungeon, and saw 1 of its levels.

You collected 43 gold pieces.

Inventory:

Hand Weapons
 a - a +0 falchion (weapon)
Wands
 f - a wand of digging (3)
Scrolls
 b - 2 scrolls of fog
 c - a scroll of amnesia {unknown}
 d - a scroll of fear
 g - a scroll of identify {unknown}


   Skills:
 * Level 3.1 Fighting
 * Level 2.1 Long Blades
 * Level 2.1 Dodging
 + Level 6.9 Stealth
 * Level 0.3 Spellcasting


You had one spell level left.
You didn't know any spells.
Your spell library was empty.

Dungeon Overview and Level Annotations

Branches:
Dungeon (5/15)
 Temple: D:4-7

Altars:


Innate Abilities, Weirdness & Mutations

You cannot wear most types of armour.
You are amphibious.
You can wear up to eight rings at the same time.
Your skin changes colour to match your surroundings (Stealth+).
Your rubbery body absorbs attacks. (AC +1, EV +1)
((You are camouflaged when in or above water. (Stealth+)))
You have tentacles for arms and can constrict up to eight enemies at once.


Message History

You kill the dart slug!
You start resting.
HP restored.
Things that are here:
a +0 flail; a +0 leather armour; an orc corpse
Things that are here:
a +0 flail; a +0 leather armour; an orc corpse An adder comes into view.
An orc comes into view. It is wielding a +0 dagger.
Found a scroll labelled NUCHIUWNICO.
You see here 16 gold pieces.
You now have 43 gold pieces (gained 16).
Found a stone staircase leading up.
The orc shouts!
You see here a scroll labelled NUCHIUWNICO.
c - a scroll labelled NUCHIUWNICO An ufetubus comes into view.
A phantom comes into view.
The ufetubus shouts!
You hear a shout!
You feel yourself speed up. The ufetubus hits you.
The ufetubus hits you but does no damage.
You closely miss the ufetubus. Your grab misses the ufetubus.
The ufetubus hits you. The ufetubus closely misses you.
The ufetubus attacks as you move away! The ufetubus closely misses you.
The ufetubus barely misses you. The orc hits you with a +0 dagger.
There is a stone staircase leading up here.
The ufetubus attacks as you move away! The ufetubus hits you.
The ufetubus closely misses you. The ufetubus attacks as you move away!
The ufetubus hits you.
* * * LOW HITPOINT WARNING * * *
The ufetubus misses you.
The adder hisses angrily.
The adder misses you. The adder bites you.
* * * LOW HITPOINT WARNING * * *
The adder bites you but does no damage. The ufetubus attacks as you move away!
The ufetubus misses you. The ufetubus hits you.
You die...

##.....................###.* ***,
#......................# *,#**.,,
.......................###.#...*,
.....................<.......##*,
....................W..........*,
#.................o.#######.##.*,
##...#............o##~~~~~***,,,,
######...<.....5S.#~~~~~~~*,,,,,
#.<....##.@###~~~~~~~****,,
##......#.....+,,,∩,,,+,,,,,
#...##........#~~~~~~~*,,,,*
*#.#....#......#~~~~~~~***,,*
#....####.....##*~~~~~**,,,,,
#....# #......,********,,,,,
#...## #####.#** *,,,,, #...* *.#
****** ####* ***


You could see a phantom, an adder, 2 orcs and an ufetubus.

Vanquished Creatures
  An ufetubus (D:5)
  A dart slug (D:5)
  An orc (D:5)
3 creatures vanquished.

Notes
Turn   | Place    | Note
-------+----------+-------------------------------------------
     0 | D:5      | Esekla the Octopode Delver began the quest for the Orb.
     0 | D:5      | Reached XP level 1. HP: 16/16 MP: 1/1
    54 | D:5      | Noticed a scorpion
    71 | D:5      | Noticed an orc wizard
   116 | D:5      | Reached XP level 2. HP: 14/21 MP: 2/2
   228 | D:5      | Noticed a phantom
   238 | D:5      | HP: 1/21 [adder (3)]
   240 | D:5      | Slain by an ufetubus

Illustrated notes

Levels and vault maps discovered:
D:5:      layout_rooms, mainiacjoe_overflow_six_doors_small,
          kennysheep_flooded_box, uniq_prince_ribbit1

Action                     || total
---------------------------++-------
  Melee: Falchion          ||    12
         Constrict         ||     3
    Use: Scroll            ||     1
         Potion            ||     1
 Armour: Skin              ||     3
  Dodge: Dodged            ||    16

Table legend: (Time is in decaauts)
 A = Elapsed time spent in this place.
 B = Non-inter-level travel time spent in this place.
 C = Inter-level travel time spent in this place.
 D = Time resting spent in this place.
 E = Time spent auto-exploring this place.
 F = Levels seen in this place.
 G = Mean time per level.
                   A        B        C        D        E       F      G
               +--------+--------+--------+--------+--------+-----+--------+
         Total |    239 |    239 |      0 |     27 |      0 |   1 |  239.0 |
       Dungeon |    239 |    239 |      0 |     27 |      0 |   1 |  239.0 |
               +--------+--------+--------+--------+--------+-----+--------+

Top non-repeatable levels by time:
     D:5: 239 daAuts
